 Dungeon Crawl Stone Soup version 0.31-a0-408-gb642c7f9a3 (webtiles) character file.

Game seed: 18268573203555292254

3 shadowstone the Conjurer (level 1, 0/12 HPs)
             Began as a Gargoyle Reaver on July 29, 2023.
             Slain by a jackal (2 damage)
             ... on level 1 of the Dungeon.
             The game lasted 00:00:13 (61 turns).

shadowstone the Conjurer (Gargoyle Reaver)            Turns: 61, Time: 00:00:13

Health: 0/12       AC:  5    Str: 15    XL:     1   Next: 50%
Magic:  3/3        EV: 11    Int: 13    God:
Gold:   7          SH:  0    Dex:  8    Spells: 3/4 levels left

rFire   . . .        a - +0 mace
rCold   . . .        (no shield)
rNeg    + . .        b - +0 leather armour
rPois   ∞            (no helmet)
rElec   +            (no cloak)
rCorr   .            (no gloves)
SInv    .            (no boots)
Will    .....        (no amulet)
Stlth   +            (no ring)
HPRegen 0.22/turn    (no ring)
MPRegen 0.08/turn

%: no passive effects
@: no status effects
A: sickness immunity, AC +2, negative energy resistance 1, electricity
resistance, torment resistance 1, petrification resistance
a: no special abilities


You were on level 1 of the Dungeon.
You visited 1 branch of the dungeon, and saw 1 of its levels.

You collected 7 gold pieces.

Inventory:

Hand Weapons
 a - a +0 mace (weapon)
Armour
 b - a +0 leather armour (worn)


   Skills:
 + Level 2.2 Fighting
 + Level 3.1 Maces & Flails
 + Level 1.5 Dodging
 + Level 2.0 Spellcasting
 + Level 3.3 Conjurations


You had 3 spell levels left.
You knew the following spells:

 Your Spells              Type           Power      Damage    Failure   Level
a - Kiss of Death         Conj/Necr      20%        2d7       16%         1

Your spell library contained the following spells:

 Spells                   Type           Power      Damage    Failure   Level
 Momentum Strike          Conj/Tloc      10%        3d8       24%         2
 Hailstorm                Conj/Ice       5%         3d4       43%         3


Dungeon Overview and Level Annotations

Branches:
Dungeon (1/15)

Altars:


Innate Abilities, Weirdness & Mutations

You are immune to sickness and miasma.
Your stone body is resilient. (AC +2)
You are immune to poison.
You resist negative energy. (rN+)
You are resistant to electric shocks. (rElec)
You are resistant to unholy torment.
You are immune to petrification.


Message History

The giant cockroach bites you. The rat bites you.
The giant cockroach barely misses you.
You sock the giant cockroach!
You kill the giant cockroach!
The rat bites you but does no damage. The rat bites you but does no damage.
You see here a giant cockroach corpse.
You hit the rat.
You kill the rat!
You see here a rat corpse.
You see here a rat corpse.
You see here a giant cockroach corpse.
You now have 7 gold pieces (gained 6).
A kobold comes into view. It is wielding a +0 whip.
The kobold moves out of view.
A jackal comes into view.
The jackal barks!
A jackal comes into view.
The kobold hits you but does no damage. The kobold hits you with a +0 whip.
You closely miss the jackal.
The jackal bites you but does no damage. x2
The kobold barely misses you.
The jackal bites you but does no damage. x2
You hit the jackal.
The jackal is almost dead.
The jackal bites you. The jackal closely misses you.
The kobold hits you but does no damage.
The jackal bites you but does no damage.
The jackal bites you.
You sock the jackal!
You kill the jackal!
The kobold closely misses you. The jackal closely misses you.
The jackal misses you. The kobold hits you but does no damage.
The jackal barely misses you.
You see here a jackal corpse.
You miss the jackal. The kobold hits you with a +0 whip.
* * * LOW HITPOINT WARNING * * *
The jackal bites you.
You die...

#..††.........
##........#.###
...............##
######......#..#
#......#...# #######
#........... #.....#
#.....##.###
#.....####.....##.#
#...@........### .
.......hK####........##
.........# #########
.........# .###.....#
#.....# #.....# ####+##


You could see a jackal and a kobold.

Vanquished Creatures
  A giant cockroach (D:1)
  A jackal (D:1)
  A rat (D:1)
3 creatures vanquished.

Notes
Turn   | Place    | Note
-------+----------+-------------------------------------------
     0 | D:1      | shadowstone the Gargoyle Reaver began the quest for the
                  | Orb.
     0 | D:1      | Reached XP level 1. HP: 12/12 MP: 3/3
    61 | D:1      | Slain by a jackal

Illustrated notes

Levels and vault maps discovered:
D:1:      kennysheep_arrival_forest, layout_basic

Action                     || total
---------------------------++-------
  Melee: Mace              ||    12
 Armour: Leather armour    ||    14
  Dodge: Dodged            ||    18

Table legend: (Time is in decaauts)
 A = Elapsed time spent in this place.
 B = Non-inter-level travel time spent in this place.
 C = Inter-level travel time spent in this place.
 D = Time resting spent in this place.
 E = Time spent auto-exploring this place.
 F = Levels seen in this place.
 G = Mean time per level.
                   A        B        C        D        E       F      G
               +--------+--------+--------+--------+--------+-----+--------+
         Total |     63 |     63 |      0 |      0 |      0 |   1 |   63.0 |
       Dungeon |     63 |     63 |      0 |      0 |      0 |   1 |   63.0 |
               +--------+--------+--------+--------+--------+-----+--------+

Top non-repeatable levels by time:
     D:1: 63 daAuts
